 Dungeon Crawl Stone Soup version 0.25.1-2-g60ff931df9 (webtiles) character file.

Game seed: 5841955504020884320

12362 pokeman the Thaumaturge (level 11, -4/61 HPs)
             Began as a Deep Elf Wizard on Oct 17, 2020.
             Was a Priest of Vehumet.
             Shot with an arrow by a centaur warrior (22 damage)
             ... on level 14 of the Dungeon.
             The game lasted 00:49:00 (14831 turns).

pokeman the Thaumaturge (Deep Elf Wizard)          Turns: 14831, Time: 00:49:01

Health: -4/61      AC: 13    Str: 10    XL:     11   Next: 61%
Magic:  25/31      EV: 12    Int: 27    God:    Vehumet [***...]
Gold:   415        SH:  6    Dex: 13    Spells: 27/38 levels left

rFire    + . .     SeeInvis .   n - +2 dagger (venom)
rCold    + . .     Gourm    .   B - +1 buckler of Perfidy {rF+ rCorr}
rNeg     . . .     Faith    .   s - +2 leather armour {rC+}
rPois    .         Spirit   .   l - +2 helmet
rElec    .         Reflect  .   (no cloak)
rCorr    +         Harm     .   (no gloves)
MR       +....                  u - +0 pair of boots
Stlth    ++........             (no amulet)
HPRegen  0.20/turn              F - +6 ring of strength
MPRegen  0.22/turn              G - +4 ring of protection

@: no status effects
A: no striking features
a: Renounce Religion


You were on level 14 of the Dungeon.
You worshipped Vehumet.
Vehumet was most pleased with you.
You were not hungry.

You visited 1 branch of the dungeon, and saw 12 of its levels.

You collected 739 gold pieces.
You spent 324 gold pieces at shops.

Inventory:

Hand Weapons
 n - a +2 dagger of venom (weapon)
Armour
 l - a +2 helmet (worn)
 s - a +2 leather armour of cold resistance (worn)
 u - a +0 pair of boots (worn)
 B - the +1 buckler of Perfidy (worn) {rF+ rCorr}
   (You bought it in a shop on level 5 of the Dungeon)

   It protects you from fire.
   It provides partial protection from all sources of acid and corrosion.
Magical Staves
 A - an uncursed staff of cold
 L - an uncursed staff of earth {unknown}
Jewellery
 k - an uncursed ring of protection from cold
 F - a +6 ring of strength (left hand)
 G - a +4 ring of protection (right hand)
 J - an uncursed ring of teleportation
Wands
 b - a wand of flame (13)
 q - a wand of disintegration (17)
 v - a wand of polymorph (8)
 E - a wand of acid (1)
 H - a wand of enslavement (6)
Scrolls
 e - a scroll of fog {unknown}
 g - 4 scrolls of enchant weapon
 h - 2 scrolls of amnesia {unknown}
 j - 3 scrolls of blinking {unknown}
 o - 5 scrolls of remove curse
 p - a scroll of immolation {unknown}
 r - a scroll of magic mapping {unknown}
 t - 3 scrolls of teleportation
 y - 2 scrolls of fear {unknown}
 I - a scroll of noise {unknown}
 M - a scroll of enchant armour
Potions
 c - 6 potions of curing
 f - 3 potions of ambrosia
 i - 2 potions of cancellation
 m - 4 potions of heal wounds
 w - 2 potions of berserk rage
 x - 2 potions of brilliance
 C - a potion of lignification
 D - a potion of invisibility
 K - a potion of degeneration
Miscellaneous
 z - a lightning rod (4/4)
Comestibles
 a - a chunk of flesh
 d - 19 rations


   Skills:
 - Level 4.1 Fighting
 + Level 2.3 Armour
 - Level 2.4 Dodging
 - Level 2.4 Stealth
 - Level 4.0 Shields
 * Level 14.1 Spellcasting
 * Level 11.4 Conjurations
 - Level 1.1 Summonings
 - Level 1.1 Translocations
 + Level 7.8 Fire Magic
 - Level 2.0 Air Magic
 - Level 1.1 Poison Magic
 - Level 1.0 Evocations


You had 27 spell levels left.
You knew the following spells:

 Your Spells              Type           Power        Failure   Level  Hunger
a - Magic Dart            Conj           ####         1%          1    None
b - Mephitic Cloud        Conj/Pois/Air  #####...     1%          3    None
c - Call Imp              Summ           ####....     3%          2    None
d - Blink                 Tloc           N/A          3%          2    None
e - Conjure Flame         Conj/Fire      ######..     1%          3    None

Your spell library contained the following spells:

 Spells                   Type           Power        Failure   Level  Hunger
 Fulminant Prism          Conj/Hex       #####.....   1%          4    None
 Beastly Appendage        Tmut           ###...       3%          1    None
 Slow                     Hex            ###.....     5%          2    None
 Sticks to Snakes         Tmut           ###.....     5%          2    None
 Spider Form              Tmut/Pois      ###.......   9%          3    None
 Ice Form                 Ice/Tmut       ###.....     36%         4    None
 Blade Hands              Tmut           ###.......   71%         5    #......


Dungeon Overview and Level Annotations

Branches:
Dungeon (11/15)            Temple (0/1) D:7            Lair (0/6) D:10
    Orc (0/2) D:10

Altars:
Cheibriados
Elyvilon
Okawaru
Qazlal
Ru
Sif Muna
Vehumet
Xom

Shops:
D:5 [[!}

Annotations:
D:10 exclusion: oklob plant


Message History

The centaur warrior shouts!
Vehumet accepts your kill.
You feel a bit more experienced.
The centaur warrior wields a +0 longbow.
The centaur warrior shoots an arrow.
The arrow hits you!
* * * LOW HITPOINT WARNING * * *
You see here an arrow.
You open the door.
There is an open door here.
You close the door.
A centaur warrior opens the door.
Casting: Mephitic Cloud (safe; 1% risk of failure)
Confirm with . or Enter, or press ? or * to list all spells.
Aiming: Mephitic Cloud (safe; 1% risk of failure)
Press: ? - help, Shift-Dir - straight line, f - centaur warrior
Aim: a centaur warrior, wielding a +0 longbow and quivering 16 arrows The ball explodes into a vile cloud!
The stinking cloud engulfs the centaur warrior but does no damage.
The centaur warrior is engulfed in noxious fumes.
The centaur warrior shoots an arrow.
The arrow hits you!!
You die...

. .. ... ....
###
.....##+##.#
#c......##.#
+.#####(##@#
.#.#####.##'##
..........c§.#
.........§§§.#
.............#
.............#
.............#
....?........#
......$......#


You could see a centaur warrior.

Vanquished Creatures
  Gastronok (D:9)
  2 two-headed ogres
  An unseen horror (D:10)
  Pikel (D:9)
  A cyclops (D:10)
  4 centaur zombies (D:10)
  A freezing wraith (D:10)
  2 trolls
  A meliai (D:14)
  Grinder (D:6)
  A yak (D:10)
  2 wraiths
  Sigmund (D:3)
  A steam dragon (D:9)
  A water moccasin (D:5)
  3 black bears
  6 sky beasts
  2 slaves (D:9)
  5 ice beasts
  A necrophage (D:6)
  2 orc warriors
  6 ogres
  2 phantoms
  7 centaurs
  2 crocodiles (D:10)
  10 bullfrogs
  A wyvern skeleton (D:10)
  A wyvern zombie (D:9)
  A scorpion (D:7)
  7 killer bees
  2 howler monkeys
  3 wights (D:10)
  6 crimson imps
  2 bullfrog zombies (D:10)
  4 hounds
  A quasit (D:8)
  2 orc priests
  A jelly (D:7)
  5 orc wizards
  A centaur skeleton (D:8)
  4 iguanas
  8 worker ants
  2 hound skeletons (D:7)
  3 worker ant zombies
  Robin (D:2)
  8 adders
  18 gnolls
  2 adder skeletons
  2 worms (D:2)
  4 dart slugs (D:2)
  9 leopard geckos
  20 orcs
  A ball python (D:1)
  10 giant cockroaches
  20 goblins
  9 hobgoblins
  7 jackals
  5 quokkas
  7 bats
  6 frilled lizards
  10 kobolds
  A quokka zombie (D:5)
  5 rats
  A fungus (D:9)
267 creatures vanquished.

Vanquished Creatures (collateral kills)
  A wight (D:10)
1 creature vanquished.

Vanquished Creatures (others)
  A two-headed ogre (D:9)
  A slave (D:9)
  A necrophage (D:9)
  An orc priest (D:9)
  An orc wizard (D:4)
  An iguana (D:4)
  A shadow imp (D:9)
  5 orcs
  A quokka (D:4)
  A ball python (D:4)
  A butterfly (D:7)
  2 fungi (D:9)
  A plant (D:10)
18 creatures vanquished.

Grand Total: 286 creatures vanquished

Notes
Turn   | Place    | Note
-------+----------+-------------------------------------------
     0 | D:1      | pokeman the Deep Elf Wizard began the quest for the Orb.
     0 | D:1      | Reached XP level 1. HP: 10/10 MP: 7/7
   252 | D:1      | Reached XP level 2. HP: 16/16 MP: 5/9
   841 | D:1      | Reached skill level 5 in Spellcasting
   946 | D:2      | Noticed Robin
  1108 | D:2      | Reached XP level 3. HP: 7/20 MP: 4/11
  1117 | D:2      | Learned a level 3 spell: Mephitic Cloud
  1120 | D:2      | Learned a level 2 spell: Call Imp
  1123 | D:2      | Learned a level 2 spell: Blink
  1127 | D:2      | Learned a level 3 spell: Conjure Flame
  1691 | D:2      | Reached skill level 1 in Fighting
  1691 | D:2      | Reached skill level 1 in Armour
  2186 | D:2      | Killed Robin
  2186 | D:2      | Reached XP level 4. HP: 19/25 MP: 2/13
  2593 | D:2      | Found a snail-covered altar of Cheibriados.
  2763 | D:2      | Found a shimmering blue altar of Sif Muna.
  3327 | D:3      | Reached skill level 6 in Spellcasting
  3344 | D:3      | Noticed Sigmund
  3376 | D:3      | Killed Sigmund
  3376 | D:3      | Reached skill level 1 in Fire Magic
  3376 | D:3      | Reached skill level 1 in Air Magic
  3376 | D:3      | Reached XP level 5. HP: 11/29 MP: 8/16
  3376 | D:3      | Reached XP level 6. HP: 13/34 MP: 8/17
  4241 | D:4      | Reached skill level 7 in Spellcasting
  4633 | D:4      | Found a shimmering altar of Xom.
  4684 | D:4      | You fall into a shaft and drop 2 floors!
  4709 | D:6      | Noticed a sky beast
  4749 | D:6      | Killed a sky beast
  4749 | D:6      | Reached skill level 1 in Poison Magic
  4749 | D:6      | Reached XP level 7. HP: 32/38 MP: 5/20
  4856 | D:6      | Found a radiant altar of Vehumet.
  4872 | D:6      | Became a worshipper of Vehumet
  4878 | D:5      | Entered Level 5 of the Dungeon
  4896 | D:5      | Reached skill level 1 in Evocations
  5224 | D:4      | Found a white marble altar of Elyvilon.
  5367 | D:5      | Found Cocid's Armour Emporium.
  5384 | D:5      | Reached skill level 8 in Spellcasting
  5384 | D:5      | Reached skill level 5 in Conjurations
  5563 | D:5      | Found Itzixegopp's Distillery.
  5564 | D:5      | Found Xivifoph's Antique Armour Shoppe.
  5605 | D:5      | Bought a potion of curing for 39 gold pieces
  5626 | D:5      | Found Quxil's Gadget Boutique.
  5807 | D:5      | Reached XP level 8. HP: 44/44 MP: 11/22
  6208 | D:5      | Bought a distressingly furry buckler for 285 gold pieces
  6239 | D:6      | Reached skill level 9 in Spellcasting
  6482 | D:6      | Found an iron altar of Okawaru.
  6550 | D:6      | Noticed Grinder
  6561 | D:6      | Paralysed by Grinder for 4 turns
  6569 | D:6      | Paralysed by Grinder for 7 turns
  6701 | D:6      | Killed Grinder
  6881 | D:5      | HP: 2/44 [hound (4)]
  7204 | D:6      | Reached * piety under Vehumet
  7204 | D:6      | Offered knowledge of Freeze by Vehumet.
  7308 | D:6      | Found a sacrificial altar of Ru.
  7312 | D:6      | Found a snail-covered altar of Cheibriados.
  7716 | D:7      | Reached XP level 9. HP: 46/48 MP: 11/24
  7923 | D:7      | Reached skill level 10 in Spellcasting
  8213 | D:7      | Found a stormy altar of Qazlal.
  8393 | D:7      | Found a staircase to the Ecumenical Temple.
  8962 | D:8      | Reached skill level 5 in Fire Magic
  9050 | D:8      | Reached ** piety under Vehumet
  9050 | D:8      | Reached skill level 11 in Spellcasting
  9077 | D:8      | Offered knowledge of Searing Ray by Vehumet.
 10091 | D:9      | Noticed Gastronok
 10174 | D:9      | Reached XP level 10. HP: 31/53 MP: 23/27
 10809 | D:9      | Noticed Pikel
 10820 | D:9      | Killed Pikel
 10873 | D:9      | Noticed a two-headed ogre
 10893 | D:9      | Killed a two-headed ogre
 10893 | D:9      | Reached skill level 12 in Spellcasting
 11208 | D:9      | Noticed a two-headed ogre
 11323 | D:9      | Killed a two-headed ogre
 11592 | D:10     | Entered Level 10 of the Dungeon
 11592 | D:10     | Found a staircase to the Orcish Mines.
 11673 | D:9      | Identified the +1 buckler of Perfidy {rF+ rCorr} (You
                  | bought it in a shop on level 5 of the Dungeon)
 11785 | D:10     | Reached skill level 10 in Conjurations
 12021 | D:10     | Offered knowledge of Dazzling Flash by Vehumet.
 12191 | D:10     | Noticed a cyclops
 12209 | D:10     | Killed a cyclops
 12209 | D:10     | Reached skill level 13 in Spellcasting
 12246 | D:10     | Reached XP level 11. HP: 33/60 MP: 24/30
 12277 | D:10     | Noticed a two-headed ogre
 12410 | D:9      | Killed Gastronok
 12802 | D:10     | Killed a two-headed ogre
 12894 | D:10     | Killed an unseen horror
 13160 | D:10     | Reached *** piety under Vehumet
 13676 | D:10     | Noticed an oklob plant
 14011 | D:10     | Offered knowledge of Fulminant Prism by Vehumet.
 14147 | D:10     | Reached skill level 14 in Spellcasting
 14157 | D:10     | Identified the +2 robe of Tyox {Stlth+}
 14356 | D:10     | Found a staircase to the Lair.
 14460 | D:10     | Found a shimmering blue altar of Sif Muna.
 14794 | D:11     | You fall into a shaft and drop 3 floors!
 14795 | D:14     | Noticed a skeletal warrior
 14822 | D:14     | Noticed a centaur warrior
 14831 | D:14     | Shot with an arrow by a centaur warrior

Illustrated notes

Levels and vault maps discovered:
D:1:      saegor_arrival_simple_b, layout_basic
D:2:      layout_rooms, kennysheep_slug_shrine, led_sif_pool,
          minmay_misc_feat_four_crosses, uniq_robin
D:3:      layout_loops_ring, first_ration, serial_park_tiny_pond, uniq_sigmund
D:4:      layout_loops_ring, xom_confusion_cloud, elyvilon_altar_4
D:5:      layout_rooms, serial_shops, shop_fountains, kennysheep_mini,
          nicolae_shop_window_shopping, shop_coins, solitary_fountain,
          chequers_decorated_corner
D:6:      layout_cave_pods, nicolae_overflow_crystal_walls,
          vehumet_altar_wand_db, basic_altar, okawaru_metal_pillars_1_2,
          uniq_grinder
D:7:      layout_cave_pools, grunt_qazlal_clouds,
          minmay_temple_entry_butterflies
D:8:      layout_loops_cross, feat_on_display
D:9:      layout_basic, grunt_ogre_cave, hangedman_abyss_or_decor_lesser_grid,
          water_boxes_lemuel, uniq_pikel, uniq_gastronok
D:10:     minmay_the_grid_4x2 [minmay_the_grid_outer_diamond,
          minmay_the_grid_diamond_grid, minmay_the_grid_holed_spiral,
          minmay_the_grid_stretched_grid, minmay_the_grid_minigrid_small,
          minmay_the_grid_large_cup, minmay_the_grid_paths,
          minmay_the_grid_prize_inner_circle], layout_rooms, lemuel_oklob_altar
D:11:     layout_roguey
D:14:     minmay_spiral_squares, layout_basic, small_statue_intersection,
          eino_tiny_chamber

Skill      XL: |  1  2  3  4  5  6  7  8  9 10 11 |
---------------+----------------------------------+-----
Spellcasting   | 5 6 7 8 9 11 13 14 | 14.1
Fighting       | 1 2 3 4 |  4.1
Armour         | 1 2 |  2.3
Conjurations   | 2 3 4 5 6 8 10 11 | 11.4
Fire Magic     | 1 2 3 4 5 6 7 |  7.8
Air Magic      | 1 2 |  2.0
Poison Magic   | 1 |  1.1
Evocations     | 1 |  1.0
Shields        | 2 3 4 |  4.0
Dodging        | |  2.4
Stealth        | |  2.4
Summonings     | |  1.1
Translocations | |  1.1

Action                   |  1- 3 |  4- 6 |  7- 9 | 10-12 || total
-------------------------+-------+-------+-------+-------++-------
Melee: Dagger            |       |    40 |   114 |   105 ||   259
 Cast: Magic Dart        |   123 |   104 |   302 |   217 ||   746
       Mephitic Cloud    |       |     9 |    28 |    37 ||    74
       Conjure Flame     |       |     3 |    20 |    41 ||    64
       Call Imp          |       |     1 |     3 |    13 ||    17
       Blink             |       |       |     1 |     4 ||     5
Evoke: Wand              |       |       |     1 |    17 ||    18
  Use: Scroll            |       |       |       |    12 ||    12
       Potion            |       |       |       |     1 ||     1
 Stab: Confused          |       |     2 |    13 |     6 ||    21
  Eat: Chunk             |     4 |     7 |    16 |    12 ||    39
       Ration            |       |       |       |     1 ||     1
Armor: Robe              |     2 |       |       |       ||     2
       Leather armour    |     1 |    12 |    63 |    61 ||   137
Dodge: Dodged            |    21 |    26 |    88 |    99 ||   234
Block: Buckler           |       |       |       |    50 ||    50
